 Dungeon Crawl Stone Soup version 0.20-a0-640-g62ed22f (console) character file.

926 nht the Cleaver (level 8, -3/58 HPs)
             Began as a Barachian Berserker on Feb 12, 2017.
             Was a Priest of Trog.
             Shot with an arrow by a centaur (15 damage)
             ... on level 5 of the Dungeon.
             The game lasted 00:05:07 (4092 turns).

nht the Cleaver (Barachian Berserker)               Turns: 4092, Time: 00:05:08

Health: -3/58      AC:  3    Str: 17    XL:     8   Next: 10%
Magic:  8/8        EV: 12    Int:  6    God:    Trog [***...]
Gold:   280        SH:  0    Dex: 10    Spells: 7/7 levels left

rFire    . . .     SeeInvis +   a - +0 hand axe
rCold    . . .     Gourm    .   b - +0 animal skin
rNeg     . . .     Faith    .   (no shield)
rPois    .         Spirit   .   (no helmet)
rElec    .         Reflect  .   n - +0 cloak
rCorr    .         Harm     .   (no gloves)
MR       .....                  (no boots)
Stlth    +.........             t - amulet of regeneration
Regen    0.6/turn               z - ring of see invisible
MPRegen  0.2/turn               v - +2 ring of slaying

@: can't hop, slow
A: swims, slowness 1, strong legs 1
a: Hop, Berserk, Trog's Hand, Burn Spellbooks, Renounce Religion


You were on level 5 of the Dungeon.
You worshipped Trog.
Trog was most pleased with you.
You were very hungry.

You visited 1 branch of the dungeon, and saw 5 of its levels.

You collected 280 gold pieces.

Inventory:

Hand Weapons
 a - a +0 hand axe (weapon)
Missiles
 y - 2 tomahawks (quivered)
Armour
 b - a +0 animal skin (worn)
 n - a +0 cloak (worn)
Jewellery
 t - an amulet of regeneration (around neck)
 v - a +2 ring of slaying (left hand)
 z - a ring of see invisible (right hand)
Scrolls
 g - a scroll of amnesia {unknown}
 h - a scroll of enchant armour {unknown}
 j - a scroll of blinking {unknown}
 k - 2 scrolls of teleportation {unknown}
 m - 7 scrolls of identify {unknown}
 s - a scroll of random uselessness {unknown}
 w - a scroll of remove curse {unknown}
 x - a scroll of fog {unknown}
 A - a scroll of immolation {unknown}
Potions
 d - a potion of lignification {unknown}
 e - 2 potions of brilliance
 i - a potion of haste
 l - a potion of heal wounds {unknown}
 o - a potion of invisibility {unknown}
 p - 3 potions of curing
 q - a potion of might {unknown}
 u - a potion of magic {unknown}
 B - a potion of degeneration {unknown}
Comestibles
 c - 3 bread rations
 f - 4 meat rations
 r - a fruit
 C - a chunk of flesh


   Skills:
 - Level 3.2 Fighting
 + Level 9.5 Axes
 - Level 2.1 Armour
 - Level 2.0 Dodging


You had 7 spell levels left.
You didn't know any spells.

Dungeon Overview and Level Annotations

Branches:
Dungeon (5/15)             Temple (0/1) D:4

Altars:
Fedhas
Nemelex Xobeh
Vehumet
Yredelemnul
The Shining One


Innate Abilities, Weirdness & Mutations

You can swim through water.
You cover ground slowly.
You can hop short distances.


Message History

You see here an arrow.
The water moccasin hisses angrily.
The centaur shoots an arrow.
The arrow hits you!
The centaur shoots an arrow.
The arrow hits you!
* * * LOW HITPOINT WARNING * * *
A jackal comes into view.
The jackal barks!
A jackal comes into view.
The jackal barks!
You see here 2 arrows.
There are monsters nearby!
Hop to where?
Press: ? - help, Dir - move target cursor Boing!
Enter note: how does this shit race take so much fucking damage
Okay, then.
You feel better.
The centaur shoots an arrow.
The arrow hits you.
* * * LOW HITPOINT WARNING * * *
The centaur shoots an arrow.
The arrow hits you!
You die...

█....h.████
......h .█
P...h..█.█ P
PP...h...████
P_PP.█..█.█...
P.P.$ZS█.█.█
.PPP..c.%...██
......(§((((.█
.█.█...█.@...█████
██.███.(......█
█.██ ███..███.█
█.. . █††█ ██ █.
█<.███...
██.██.███........
.................
████.█.██.█.██..
█.█.██.█.█ .


You could see a water moccasin, a centaur, 3 jackals and a quokka skeleton.

Vanquished Creatures
  Eustachio (D:4)
  Duvessa (D:4)
  A black bear (D:4)
  A sky beast (D:3)
  Dowan (D:4)
  A crimson imp (D:5)
  4 orc wizards (D:4)
  3 orc priests
  A hound (D:5)
  An iguana (D:4)
  A worker ant (D:4)
  2 adders
  2 oozes (D:4)
  5 worms
  3 dart slugs
  7 leopard geckos
  8 orcs
  7 bats
  4 giant cockroaches
  7 goblins
  7 hobgoblins
  10 jackals
  7 kobolds
  A quokka (D:2)
  6 frilled lizards
  9 rats
101 creatures vanquished.

Vanquished Creatures (others)
  A goblin (D:2)
1 creature vanquished.

Grand Total: 102 creatures vanquished

Notes
Turn   | Place    | Note
-------+----------+-------------------------------------------
     0 | D:1      | nht the Barachian Berserker began the quest for the Orb.
     0 | D:1      | Reached XP level 1. HP: 18/18 MP: 1/1
   105 | D:1      | Reached XP level 2. HP: 5/24 MP: 2/2
   863 | D:1      | Reached skill level 4 in Axes
   948 | D:1      | Reached XP level 3. HP: 21/29 MP: 3/3
  1245 | D:1      | Reached ** piety under Trog
  1333 | D:2      | Found a basalt altar of Yredelemnul.
  1720 | D:2      | Reached XP level 4. HP: 35/35 MP: 4/4
  1879 | D:2      | Found a sparkling altar of Nemelex Xobeh.
  1982 | D:2      | Found a glowing golden altar of the Shining One.
  2134 | D:3      | Reached skill level 5 in Axes
  2263 | D:3      | Reached XP level 5. HP: 33/41 MP: 5/5
  2404 | D:3      | Found a faded altar of an unknown god.
  2442 | D:3      | Noticed a sky beast
  2448 | D:3      | Killed a sky beast
  2448 | D:3      | Reached skill level 6 in Axes
  2448 | D:3      | Reached XP level 6. HP: 26/47 MP: 6/6
  2862 | D:4      | Noticed a black bear
  2867 | D:4      | Killed a black bear
  2867 | D:4      | Reached skill level 7 in Axes
  3112 | D:4      | Found a radiant altar of Vehumet.
  3306 | D:4      | Noticed Dowan
  3307 | D:4      | Noticed Duvessa
  3315 | D:4      | Killed Dowan
  3315 | D:4      | Reached XP level 7. HP: 52/52 MP: 7/7
  3321 | D:4      | Killed Duvessa
  3321 | D:4      | Reached skill level 8 in Axes
  3512 | D:4      | Noticed Eustachio
  3520 | D:4      | Killed Eustachio
  3602 | D:4      | Reached *** piety under Trog
  3602 | D:4      | Reached skill level 9 in Axes
  3613 | D:4      | Reached XP level 8. HP: 31/58 MP: 8/8
  3911 | D:4      | Found a staircase to the Ecumenical Temple.
  4043 | D:5      | Entered Level 5 of the Dungeon
  4089 | D:5      | Found a blossoming altar of Fedhas.
  4092 | D:5      | how does this shit race take so much fucking damage
  4092 | D:5      | Shot with an arrow by a centaur

Vault maps used:
D:1:      tarquinn_simple_flora_water_f
D:2:      nicolae_tso_carved_into_rock, marbit_many_paths, nemelex_altar_shiori,
          minmay_pentomino_z2
D:3:      chequers_ecumenical_altar_twisty
D:4:      vehumet_crystals, temple_green, uniq_eustachio, uniq_duvessa
D:5:      cheibrodos_two_vegetables, grunt_qazlal_sundering, first_bread,
          fedhas_bush_and_centaur_altar

Skill      XL: |  1  2  3  4  5  6  7 |
---------------+----------------------+-----
Axes           | 4 5 6 7 9 |  9.5
Fighting       | |  3.2
Armour         | |  2.1
Dodging        | |  2.0

Action                   |  1- 3 |  4- 6 |  7- 9 || total
-------------------------+-------+-------+-------++-------
Melee: Hand axe          |   155 |   172 |    68 ||   395
Invok: Berserk           |     2 |     5 |     2 ||     9
 Abil: Hop               |       |       |     1 ||     1
  Use: Potion            |     2 |       |     3 ||     5
  Eat: Chunk             |     5 |     9 |     5 ||    19
Armor: Animal skin       |    52 |    40 |    15 ||   107
Dodge: Dodged            |   134 |   116 |    32 ||   282
